 Dungeon Crawl Stone Soup version 0.32-a0-630-g46d191b0ed (webtiles) character file.

Game seed: 11367336272536212960

485 ezpacito the Chopper (level 7, -8/54 HPs)
             Began as a Coglin Chaos Knight on Mar 6, 2024.
             Was a Plaything of Xom.
             Mangled by an iguana (11 damage)
             ... on level 5 of the Dungeon.
             The game lasted 00:05:18 (3641 turns).

ezpacito the Chopper (Coglin Chaos Knight)          Turns: 3641, Time: 00:05:18

Health: -8/54      AC:  5    Str: 14    XL:     7   Next: 13%
Magic:  8/8        EV: 12    Int: 12    God:    Xom [...*..]
Gold:   260        SH:  4    Dex: 13    Spells: 1/8 levels left

rFire   . . .        a - +1 hand axe (chaos) {Kulveer}
rCold   . . .        d - +0 dagger {Hori}
rNeg    . . .        b - +2 leather armour
rPois   .            (helmet restricted)
rElec   .            (no cloak)
rCorr   .            (no gloves)
SInv    .            (no boots)
Will    .....        (amulet unavailable)
Stlth   ++           (ring unavailable)
HPRegen 0.29/turn    (ring unavailable)
MPRegen 0.11/turn    (no gizmo)

%: no passive effects
@: revved
A: off-hand wielding, slow wielding, warmup strikes, no jewellery, antennae 1,
large bone plates 1
a: Invent Gizmo, Renounce Religion


You were on level 5 of the Dungeon.
You worshipped Xom.
You were a favourite toy of Xom.
You visited 1 branch of the dungeon, and saw 5 of its levels.

You collected 260 gold pieces.

Inventory:

Hand Weapons
 a - a +1 hand axe of chaos (weapon) {Kulveer}
 d - a +0 dagger (offhand) {Hori}
 s - a +0 war axe of flaming
 u - a +3 halberd of chaos
Missiles
 e - 6 curare-tipped darts (quivered)
 i - 5 poisoned darts
 l - 2 javelins
 o - 3 boomerangs
Armour
 b - a +2 leather armour (worn)
Jewellery
 h - the ring of the Failed Coup {rElec rN+ Int+3 Slay+3}
   (Xom gifted it to you on level 5 of the Dungeon)

   [ring of positive energy]

   Int+3:     It affects your intelligence (+3).
   Slay+3:    It affects your accuracy & damage with ranged weapons and melee
   (+3).
   rElec:     It insulates you from electricity.
   rN+:       It protects you from negative energy.
 r - the ring of the Middle {Fly rC+ rN+ Dex-3}
   (Xom gifted it to you on level 3 of the Dungeon)

   [ring of protection from cold]

   Dex-3:     It affects your dexterity (-3).
   rC+:       It protects you from cold.
   rN+:       It protects you from negative energy.
   Fly:       It grants you flight.
Talismans
 f - a maw talisman
Wands
 n - a wand of quicksilver (1)
Scrolls
 c - a scroll of butterflies
 j - 3 scrolls of fog
 p - 2 scrolls of enchant weapon
Potions
 g - a potion of lignification {unknown}
 k - a potion of enlightenment {unknown}
 q - a potion of curing {unknown}


   Skills:
 * Level 4.1 Fighting
 * Level 4.3(4.5) Axes
 + Level 1.7(3.0) Polearms
 * Level 3.1 Armour
 * Level 2.7 Dodging
 + Level 1.7 Stealth
 + Level 1.2 Spellcasting
 + Level 0.5 Alchemy
 + Level 0.7 Evocations


You had one spell level left.
You knew the following spells:

 Your Spells              Type           Power      Damage    Failure   Level
x - Mephitic Cloud        Conj/Alch/Air  1%         N/A       71%         3
A - Animate Dead          Necr           0%         N/A       98%         4

Your spell library contained the following spells:

 Spells                   Type           Power      Damage    Failure   Level
 Magic Dart               Conj           0%         1d3       36%         1
 Searing Ray              Conj           0%         2d4       50%         2
 Dazzling Flash           Conj/Hex       0%         N/A       73%         3
 Frozen Ramparts          Ice            0%         1d1       73%         3
 Hailstorm                Conj/Ice       0%         3d5       73%         3
 Fulminant Prism          Conj/Alch      0%         3d5       97%         4
 Dimensional Bullseye     Hex/Tloc       0%         N/A       98%         4
 Borgnjor's Vile Clutch   Necr/Erth      0%         N/A       100%        5
 Curse of Agony           Necr           0%         N/A       100%        5
 Silence                  Hex/Air        0%         N/A       100%        5
 Summon Mana Viper        Hex/Summ       0%         N/A       100%        5
 Yara's Violent Unravell  Hex/Alch       0%         3d3       100%        5
 Death Channel            Necr           0%         N/A       100%        6


Dungeon Overview and Level Annotations

Branches:
Dungeon (5/15)
 Temple: D:4-7

Altars:
Sif Muna
Uskayaw

Annotations:
D:5 Sigmund


Innate Abilities, Weirdness & Mutations

You can wield a second weapon in your off-hand.
It takes a long time for you to wield or remove held weapons.
Your first few attacks do less damage.
You cannot equip rings or amulets.
You have a pair of small antennae on your head.
You are partially covered in large bone plates. (SH +4)


Message History

You closely miss the iguana with your +1 hand axe of chaos.
You miss something with your +0 dagger.
Your iron imp hits the iguana.
The iguana bites you.
You take 2 damage, and have 34/54 hp.
You closely miss something with your +0 dagger.
You completely miss something with your +1 hand axe of chaos.
You closely miss the iguana with your +1 hand axe of chaos.
Something hits you.
Your iron imp hits the iguana.
You take 2 damage, and have 32/54 hp.
You hit something with your +0 dagger.
You closely miss something with your +1 hand axe of chaos.
You hit the iguana but do no damage.
The iguana is no longer moving slowly.
The iguana bites you. Something barely misses you.
You take 5 damage, and have 27/54 hp.
You barely miss the iguana with your +0 dagger.
The iguana is severely wounded.
You hit the iguana but do no damage.
You closely miss something with your +1 hand axe of chaos.
Your iron imp hits the iguana but does no damage.
The iguana bites you!
You take 7 damage, and have 20/54 hp.
You hit the iguana but do no damage.
The iguana is severely wounded.
You hit the iguana but do no damage.
You hit something with your +1 hand axe of chaos.
You hear some strange, mumbled words.
A puff of flame appears from out of thin air!
The puff of flame misses you. The puff of flame hits your iron imp.
Your iron imp completely resists.
The iguana bites you!
* * * LOW HITPOINT WARNING * * *
Your iron imp barely misses the iguana.
You take 10 damage, and have 10/54 hp.
It was a potion of mutation.
You feel extremely strange.
Large bone plates grow over parts of your arms.
A pair of antennae grows on your head! Something hits you!
* * * LOW HITPOINT WARNING * * *
The iguana bites you!
You die...

... # .. .#
########.##.#
........... #.....#.#
#.......# +....{..#
#..l@..##.#
#..5......# #
#.....#####
#.####'#####
#..........#
..#####..)....#
..>..#.......# (.
...#.#.......#
#.#####...#.#.......#


You could see an iguana (ally target) and a friendly iron imp (summoned).

Vanquished Creatures
  A black bear (D:5)
  A phantom (D:4)
  A hound (D:4)
  A gnoll bouda (D:4)
  An orc wizard (D:3)
  4 gnolls (D:4)
  6 adders
  4 dart slugs
  A ribbon worm (D:4)
  7 orcs
  5 ball pythons
  5 endoplasms
  A giant cockroach (D:1)
  7 goblins
  6 hobgoblins
  4 jackals (D:2)
  2 quokkas (D:4)
  3 bats
  10 frilled lizards
  6 kobolds
  8 rats
84 creatures vanquished.

Vanquished Creatures (collateral kills)
  2 orc wizards (D:3)
  3 orcs (D:3)
  A frilled lizard (D:1)
6 creatures vanquished.

Grand Total: 90 creatures vanquished

Notes
Turn   | Place    | Note
-------+----------+-------------------------------------------
     0 | D:1      | ezpacito the Coglin Chaos Knight began the quest for the
                  | Orb.
     0 | D:1      | Reached XP level 1. HP: 18/18 MP: 1/1
    44 | D:1      | Reached skill level 1 in Dodging
    64 | D:1      | XOM: silly message
    67 | D:1      | Reached XP level 2. HP: 24/24 MP: 2/2
   116 | D:1      | XOM: silly message
   314 | D:1      | Reached XP level 3. HP: 29/29 MP: 3/3
   521 | D:2      | XOM: 4-stop teleportation journey
   743 | D:2      | XOM: god gift: 14 gold pieces
   810 | D:2      | Reached skill level 1 in Stealth
   810 | D:2      | Reached XP level 4. HP: 31/35 MP: 4/4
  1818 | D:3      | XOM: cast spell 'Iskenderun's Battlesphere'
  1824 | D:3      | Reached skill level 1 in Polearms
  1826 | D:3      | Reached XP level 5. HP: 33/41 MP: 4/6
  2126 | D:3      | Found a shimmering blue altar of Sif Muna.
  2234 | D:3      | Identified the ring of the Middle {Fly rC+ rN+ Dex-3} (Xom
                  | gifted it to you on level 3 of the Dungeon)
  2234 | D:3      | XOM: god gift: ring of the Middle {Fly rC+ rN+ Dex-3}
  2791 | D:4      | XOM: cast spell 'Animate Armour'
  2799 | D:4      | Reached skill level 1 in Spellcasting
  2799 | D:4      | Reached XP level 6. HP: 45/48 MP: 7/7
  2829 | D:4      | Found a hide-covered altar of Uskayaw.
  2862 | D:4      | XOM: 2-stop teleportation journey
  2948 | D:4      | XOM: god gift: Eseneaw's Lectures on the Enchanting Tundra
                  | {god gift}
  2949 | D:4      | Got Eseneaw's Lectures on the Enchanting Tundra {god gift}
  2984 | D:4      | XOM: smoke on damage
  3025 | D:4      | Learned a level 3 spell: Mephitic Cloud
  3030 | D:4      | Learned a level 4 spell: Animate Dead
  3035 | D:4      | XOM: scenery: 1 doors open
  3100 | D:4      | Identified the +3 buckler of Defence {MP+9 Str+3}
  3183 | D:4      | XOM: chaos upgrade
  3185 | D:4      | XOM: fog
  3187 | D:4      | XOM: butterfly on damage
  3449 | D:5      | Entered Level 5 of the Dungeon
  3485 | D:5      | Identified the ring of the Failed Coup {rElec rN+ Int+3
                  | Slay+3} (Xom gifted it to you on level 5 of the Dungeon)
  3485 | D:5      | XOM: god gift: ring of the Failed Coup {rElec rN+ Int+3
                  | Slay+3}
  3504 | D:5      | Noticed a black bear
  3511 | D:5      | XOM: summons friendly iron imp
  3513 | D:5      | Killed a black bear
  3514 | D:5      | Reached XP level 7. HP: 38/54 MP: 8/8
  3627 | D:5      | Noticed Sigmund
  3641 | D:5      | Gained mutation: You are partially covered in large bone
                  | plates. (SH +4) [potion of mutation]
  3641 | D:5      | Gained mutation: You have a pair of small antennae on your
                  | head. [potion of mutation]
  3641 | D:5      | Mangled by an iguana

Illustrated notes

Levels and vault maps discovered:
D:1:      roderic_crossed_star, layout_rooms, hangedman_decor_lopped,
          minmay_misc_feat_five
D:2:      layout_basic
D:3:      layout_basic, hellmonk_sif_muna_bookshelves,
          minmay_misc_feat_ornament, amethyst_killhole, patterned_corridor
D:4:      layout_basic, nicolae_uskayaw_murder_on_the_dancefloor
D:5:      layout_basic, old_standard_altar, elyvilon_altar_3,
          portal_sewer_entry_e, palyth_stone_intersect, uniq_sigmund

Skill      XL: |  1  2  3  4  5  6 |
---------------+-------------------+-----
Dodging        | 1 2 |  2.7
Armour         | 2 3 |  3.1
Stealth        | 1 |  1.7
Polearms       | 1 |  1.7
Spellcasting   | 1 |  1.2
Axes           | 4 |  4.3
Fighting       | 4 |  4.1
Alchemy        | |  0.5
Evocations     | |  0.7

Action                     |  1- 3 |  4- 6 |  7- 9 || total
---------------------------+-------+-------+-------++-------
  Melee: Dagger            |    68 |   104 |     9 ||   181
         Hand axe          |    67 |   117 |     9 ||   193
  Evoke: Wand              |       |     2 |       ||     2
    Use: Scroll            |       |     7 |       ||     7
         Potion            |       |     1 |     1 ||     2
   Stab: Sleeping          |     1 |     2 |       ||     3
         Confused          |       |     1 |       ||     1
 Armour: Leather armour    |    80 |    76 |    12 ||   168
  Dodge: Dodged            |    51 |    80 |     7 ||   138

Table legend: (Time is in decaauts)
 A = Elapsed time spent in this place.
 B = Non-inter-level travel time spent in this place.
 C = Inter-level travel time spent in this place.
 D = Time resting spent in this place.
 E = Time spent auto-exploring this place.
 F = Levels seen in this place.
 G = Mean time per level.
                   A        B        C        D        E       F      G
               +--------+--------+--------+--------+--------+-----+--------+
         Total |   3662 |   3468 |    194 |     57 |   2838 |   5 |  732.4 |
       Dungeon |   3662 |   3468 |    194 |     57 |   2838 |   5 |  732.4 |
               +--------+--------+--------+--------+--------+-----+--------+

Top non-repeatable levels by time:
     D:3: 1102 daAuts
     D:4: 1018 daAuts
     D:2: 842 daAuts
     D:1: 506 daAuts
     D:5: 192 daAuts
